 Dungeon Crawl Stone Soup version 0.21.1-1-g345015f (webtiles) character file.

93 Mgcat the Skirmisher (level 4, 0/37 HPs)
             Began as a Demonspawn Chaos Knight on Feb 9, 2018.
             Slain by Crazy Yiuf
             ... wielding a +3 quarterstaff of chaos
              (3 damage)
             ... on level 2 of the Dungeon.
             The game lasted 00:03:14 (1912 turns).

Mgcat the Skirmisher (Demonspawn Chaos Knight)      Turns: 1912, Time: 00:03:16

Health: 0/37       AC:  9    Str: 13    XL:     4   Next: 37%
Magic:  4/4        EV:  9    Int: 13    God:    Xom [...*..]
Gold:   158        SH:  0    Dex: 13    Spells: 3/3 levels left

rFire    . . .     SeeInvis +   d - +2 dagger (drain)
rCold    + . .     Gourm    .   (no shield)
rNeg     . . .     Faith    .   m - +2 scale mail {rC+}
rPois    .         Spirit   .   (no helmet)
rElec    .         Reflect  .   k - +0 cloak
rCorr    .         Harm     .   (no gloves)
MR       .....                  (no boots)
Stlth    ..........             (no amulet)
HPRegen  0.12/turn              w - ring of see invisible {sInv, !d}
MPRegen  0.09/turn              (no ring)

@: lethally poisoned (0 -> -6), drained
A: powered by death 1
a: Renounce Religion


You were on level 2 of the Dungeon.
You worshipped Xom.
You were a favourite toy of Xom.
You were not hungry.

You visited 1 branch of the dungeon, and saw 2 of its levels.

You collected 158 gold pieces.

Inventory:

Hand Weapons
 a - a +0 mace of chaos
 d - a +2 dagger of draining (weapon)
   (You took it off a kobold on level 1 of the Dungeon)
 x - a +1 mace of holy wrath
   (You found it on level 2 of the Dungeon)
Missiles
 s - 6 curare-tipped needles
Armour
 b - a +2 leather armour
 k - a +0 cloak (worn)
   (You found it on level 1 of the Dungeon)
 m - a +2 scale mail of cold resistance (worn)
   (You found it on level 2 of the Dungeon)
 u - a +0 pair of gloves
   (You found it on level 2 of the Dungeon)
Jewellery
 w - a ring of see invisible (left hand) {sInv, !d}
   (You found it on level 2 of the Dungeon)
Scrolls
 l - 2 scrolls of fog {unknown}
 n - 2 scrolls of fear {unknown}
 o - a scroll of enchant weapon {unknown}
 p - 2 scrolls of teleportation {unknown}
 r - a scroll of random uselessness {unknown}
 t - 3 scrolls of identify {unknown}
Potions
 e - a potion of flight {unknown}
 f - a potion of ambrosia {unknown}
 g - a potion of mutation {unknown}
 h - 2 potions of heal wounds {unknown}
 i - a potion of might {unknown}
 j - a potion of curing {unknown}
 q - 2 potions of agility {unknown}
Comestibles
 c - 5 rations


   Skills:
 + Level 3.6(3.3) Fighting
 + Level 3.3(3.0) Maces & Flails
 + Level 2.6(2.3) Armour
 + Level 1.9(1.6) Dodging


You had 3 spell levels left.
You didn't know any spells.

Dungeon Overview and Level Annotations

Branches:
Dungeon (2/15)

Altars:

Annotations:
D:2 Crazy Yiuf


Innate Abilities, Weirdness & Mutations

You regenerate a little health from kills.


Message History

The quokka bites you but does no damage.
The quokka closely misses you.
You hit the quokka. You drain the quokka!
You kill the quokka!
No target in view!
No target in view!
No target in view!
No target in view!
You see here a quokka corpse.
You butcher the quokka corpse.
v - 3 chunks of flesh {@w0} (gained 2)
You see here a runed mace.
x - a runed mace Wield which item (- for none, * to show all)? (? for menu, Esc to quit)
This weapon is holy and will not allow you to wield it.
x - a mace of holy wrath Wield which item (- for none, * to show all)? (? for menu, Esc to quit)
Okay, then.
Unknown command.
You see here a mace.
You see here a mace.
Eating one of 3 chunks of flesh {@w0}.
You eat one of the 3 chunks of flesh {@w0}.
This raw flesh tastes terrible.
There is an open door here.
You open the door.
Found a stone staircase leading down.
No target in view!
No target in view!
There is an open door here.
There is a stone staircase leading down here.
There is an open door here.
There is an open door here.
As you open the door, it creaks loudly!
There is an open door here.
As you open the door, it creaks loudly!
There is an open door here.
You open the door.
There is an open door here. "Go forth and redecorate, my child!"
Key pressed, stopping explore.
You see here 29 bolts.
All of the chunks of flesh in your inventory have rotted away.
Your trail of clouds dissipates.
Wield which item (- for none, * to show all)? (? for menu, Esc to quit)
Okay, then.
Unknown command.
You open the door.
Marking area around Crazy Yiuf as unsafe for travelling.
Crazy Yiuf the Enlightened comes into view.
He is wielding a quarterstaff of chaos.
Crazy Yiuf shouts!
Okay, then.
That item cannot be evoked!
You aren't carrying any items that you can evoke.
Unknown command.
Unknown command.
Crazy Yiuf misses you.
There is an open door here.
You hit Crazy Yiuf.
Crazy Yiuf is moderately wounded.
Crazy Yiuf hits you with a quarterstaff of chaos.
Crazy Yiuf draws strength from your wounds!
You hit Crazy Yiuf.
Crazy Yiuf is moderately wounded.
Crazy Yiuf hits you with a quarterstaff of chaos!
You feel drained.
You hit Crazy Yiuf.
Crazy Yiuf is heavily wounded.
Crazy Yiuf hits you with a quarterstaff of chaos!
You are poisoned.
You barely miss Crazy Yiuf.
Crazy Yiuf is heavily wounded.
You feel sick.
Crazy Yiuf says, "My goal is simple.
It is a complete understanding of the universe, why it is as it is and why it exists at all."
Crazy Yiuf hits you but does no damage.
Okay, then.
Your scale mail prevents you from hitting Crazy Yiuf.
Crazy Yiuf is heavily wounded.
You feel sick.
Crazy Yiuf laughs, "Orb noodlescoop verde!"
Crazy Yiuf hits you but does no damage.
You hit Crazy Yiuf but do no damage.
Crazy Yiuf is heavily wounded.
You feel sick. Crazy Yiuf barely misses you.
You closely miss Crazy Yiuf.
Crazy Yiuf is heavily wounded.
You feel sick.
You barely miss Crazy Yiuf.
Crazy Yiuf is heavily wounded.
You feel sick. Crazy Yiuf hits you but does no damage.
You hit Crazy Yiuf but do no damage. You drain Crazy Yiuf!
Crazy Yiuf is heavily wounded.
You feel sick. Crazy Yiuf hits you but does no damage.
You hit Crazy Yiuf but do no damage.
Crazy Yiuf is heavily wounded.
Crazy Yiuf hits you with a quarterstaff of chaos!
* * * LOW HITPOINT WARNING * * *
A shower of butterflies erupts from you!
Crazy Yiuf burns you.
You die...

#.# #............##.#
#.# #......##.##.##.#
####.#
#......##.##'##.######
#....#
###############.##....
#.#### #.##.###
#.##### #..#.#8.
#.#...# ####
♣♣##..#.#.. #.#...#
#)bb#♣♣ ♣♣.#...#.###
#.#...#
#..g@.♣♣♣♣......#....
#.#...#
#.b.#♣b.♣....)..#.###
#.#...# ####
♣♣♣.♣..#...#.#..
#.#...# ♣♣♣♣♣###.#.#..
#.#...# #.#.#'#
#.#...###########
#.#....
#.#.##..'.......#
#.#.#'#
#.#.##.##.......#
#.#.#..
#.#.##.#........#
#.#.#..


You could see Crazy Yiuf.

Vanquished Creatures
  A worker ant (D:2)
  3 adders (D:2)
  A worm (D:2)
  2 leopard geckos (D:1)
  A ball python (D:2)
  A giant cockroach (D:2)
  7 goblins
  4 hobgoblins
  4 jackals (D:1)
  3 kobolds (D:1)
  2 quokkas (D:2)
  3 frilled lizards
  4 rats
36 creatures vanquished.

Notes
Turn   | Place    | Note
-------+----------+-------------------------------------------
     0 | D:1      | Mgcat the Demonspawn Chaos Knight began the quest for the Orb.
     0 | D:1      | Reached XP level 1. HP: 18/18 MP: 1/1
    11 | D:1      | XOM: butterfly on damage
    15 | D:1      | Reached skill level 1 in Dodging
    38 | D:1      | XOM: divination: detect creatures
   267 | D:1      | XOM: cast spell 'Call Canine Familiar'
   284 | D:1      | XOM: potion effect (haste)
   286 | D:1      | Reached skill level 2 in Armour
   290 | D:1      | Gained mutation: You regenerate a little health from kills. [demonic ancestry]
   290 | D:1      | Reached XP level 2. HP: 20/24 MP: 2/2
   514 | D:1      | Reached skill level 3 in Maces & Flails
   544 | D:1      | XOM: harmless Necr miscast
   745 | D:1      | XOM: divination: detect creatures
   859 | D:2      | Reached XP level 3. HP: 29/29 MP: 3/3
   905 | D:2      | XOM: divination: detect items
  1385 | D:2      | XOM is BORED!
  1385 | D:2      | XOM: mild Summ miscast
  1480 | D:2      | XOM: mild Fire miscast
  1546 | D:2      | XOM: harmless Conj miscast
  1566 | D:2      | Reached XP level 4. HP: 29/36 MP: 4/4
  1656 | D:2      | Found a runed door.
  1813 | D:2      | XOM: cloud trail
  1900 | D:2      | Noticed Crazy Yiuf
  1912 | D:2      | HP: 3/37 [Crazy Yiuf/quarterstaff of chaos (9)]
  1912 | D:2      | XOM: butterfly on damage
  1912 | D:2      | Slain by Crazy Yiuf

Skill      XL: |  1  2 |
---------------+-------+-----
Dodging        | 1 |  1.9
Armour         | 2 |  2.6
Maces & Flails | 3 |  3.3
Fighting       | |  3.6

Action                   |  1- 3 |  4- 6 || total
-------------------------+-------+-------++-------
Melee: Dagger            |    93 |    15 ||   108
       Mace              |     6 |       ||     6
  Eat: Chunk             |     1 |     2 ||     3
Armor: Leather armour    |    18 |       ||    18
       Scale mail        |     2 |     8 ||    10
Dodge: Dodged            |    47 |     3 ||    50

Vault maps used:
D:1:      dpeg_arrival_chambers_temple_mockup, minmay_misc_feat_roman,
          hex_intersection
D:2:      minmay_door_path, uniq_crazy_yiuf_cottage

Table legend:
 A = Turns spent in this place as a percentage of turns spent in the entire game.
 B = Non-inter-level travel turns spent in this place as a percentage of non-inter-level travel turns spent in the entire game.
 C = Inter-level travel turns spent in this place as a percentage of turns spent in this place.
 D = Turns resting spent in this place as a percentage of non-inter-level travel turns spent in this place.
 E = Turns spent auto-exploring this place as a percentage of non-inter-level travel turns spent in this place.
 F = Non-inter-level travel turns spent in this place divided by the number of levels of this place that you've seen.
                   A       B       C       D       E      F
               +-------+-------+-------+-------+-------+----------------------
         Total | 100.0 | 100.0 |   0.7 |   0.0 |  85.4 | 949.0
       Dungeon | 100.0 | 100.0 |   0.7 |   0.0 |  85.4 | 949.0
               +-------+-------+-------+-------+-------+----------------------

Table legend:
 A = Kills in this place as a percentage of kills in entire the game.
 B = Kills by you in this place as a percentage of kills by you in the entire game.
 C = Kills by friends in this place as a percentage of kills by friends in the entire game.
 D = Other kills in this place as a percentage of other kills in the entire game.
 E = Experience gained in this place as a percentage of experience gained in the entire game.
 F = Experience gained in this place divided by the number of levels of this place that you have seen.
                   A       B       C       D       E      F
               +-------+-------+-------+-------+-------+----------------------
         Total | 100.0 | 100.0 |   N/A |   N/A | 100.0 |  67.0
       Dungeon | 100.0 | 100.0 |   N/A |   N/A | 100.0 |  67.0
               +-------+-------+-------+-------+-------+----------------------
